Map: Ley Lines

Players

ABN

  • Race: Terran Terran
  • League: Diamond
  • Spawn Location: 1:00

kitune - Winner!

  • Race: Zerg Zerg
  • Spawn Location: 7:00

VOD

Have the link to the VOD?

Description

Time

  • Played on: May 14, 2025, 8:42 a.m.
  • Length: 14:37
Show
View Real Time Build Order
Export as new Build Order

ABN Terran 

Build Orders:  

Get SALT Encoding   

  12  0:00  SCV  
  13  0:12  SCV  
  14  0:17  Supply Depot  
  14  0:24  SCV  
  15  0:39  SCV  
  15  0:41  Barracks  
  16  0:48  Refinery  
  16  0:51  SCV  
  17  1:03  SCV  
  18  1:15  SCV  
  19  1:28  Barracks  
  19  1:32  Reaper  
  20  1:36  Supply Depot  
  21  1:44  Orbital Command  
  20  1:48  Refinery  
  20  2:04  Marine  
  21  2:12  SCV  
  22  2:17  Marine  
  22  2:21  Factory  
  23  2:23  Barracks Reactor  
  23  2:28  SCV  
  24  2:40  SCV  
  24  2:43  Barracks Tech Lab  
  25  2:52  SCV  
  26  3:07  Marine  
  26  3:08  Marine  
  26  3:10  Stimpack  
  26  3:12  Factory Reactor  
  28  3:16  Starport  
  28  3:17  SCV  
  29  3:23  Command Center  
  29  3:24  Marauder  
  31  3:42  Supply Depot  
  31  3:49  Supply Depot  
  31  4:03  Marine x3  
  31  4:04  SCV  
  35  4:16  SCV  
  36  4:22  Marauder  
  37  4:28  SCV, Medivac x2, Factory Tech Lab  
  42  4:40  SCV  
  42  4:43  Marauder  
  45  4:50  Combat Shield  
  45  4:51  Siege Tank  
  45  4:52  SCV  
  49  4:57  Orbital Command  
  49  5:04  SCV  
  50  5:11  Marine x3  
  53  5:16  SCV, Bunker  
  53  5:20  Engineering Bay  
  54  5:26  Medivac x2  
  58  5:28  SCV, Marine  
  58  5:29  Marine  
  58  5:31  Marine  
  62  5:37  Supply Depot  
  62  5:54  Marine x2  
  62  5:58  SCV x2, Marine  
  65  6:10  SCV x2  
  67  6:12  Marine x2  
  67  6:16  Marine  
  69  6:22  SCV  
  69  6:25  Missile Turret x2  
  70  6:28  Missile Turret  
  70  6:30  Marine x2, Missile Turret  
  70  6:31  Missile Turret  
  66  6:34  Marine  
  65  6:43  Medivac x2  
  69  6:47  Hi-Sec Auto Tracking  
  69  6:48  Marine  
  70  6:57  Missile Turret  
  70  7:06  Supply Depot  
  70  7:09  Supply Depot  
  70  7:17  Marine x2  
  70  7:18  Marine  
  69  7:35  Marine x2  
  69  7:36  Marine  
  72  7:37  Supply Depot  
  72  7:38  Supply Depot  
  72  7:47  Terran Infantry Weapons Level 1  
  72  7:49  Concussive Shells  
  72  7:52  Medivac x2  
  72  7:53  Marine x2  
  72  7:54  Marine  
  72  7:55  Siege Tank  
  82  8:04  Supply Depot  
  82  8:08  Barracks x2  
  82  8:11  Marine x2  
  82  8:12  Marine  
  85  8:22  Medivac  
  85  8:25  Command Center  
  87  8:27  Hellion  
  87  8:28  Marine  
  87  8:29  Marine x2  
  87  8:33  Missile Turret x2  
  92  8:46  Marine x2  
  92  8:47  Marine  
  95  8:50  Medivac  
  97  8:58  Barracks Reactor x2  
  97  9:04  Marine x2  
  97  9:06  Marauder  
  97  9:09  SCV x2  
  103  9:10  Refinery  
  103  9:11  Refinery  
  103  9:21  SCV x2  
  103  9:22  Marine x2  
  107  9:27  Marauder  
  109  9:33  SCV  
  109  9:37  Siege Tank, Supply Depot  
  109  9:38  Supply Depot  
  113  9:40  Marine x2, Supply Depot  
  115  9:48  Marine  
  116  9:57  Marine  
  116  9:58  Marine  
  101  10:06  Marine  
  102  10:07  Marine  
  94  10:15  Marine x2  
  94  10:19  Marine x3  
  90  10:23  Marine  
  90  10:25  Marine  
  91  10:33  Marine x2  
  91  10:35  Siege Tank  
  96  10:36  Liberator  
  96  10:37  Liberator, Marine x3  
  96  10:41  Marine  
  106  10:43  Marine  
  106  10:45  Terran Infantry Armor Level 1  
  107  10:51  Marine x2  
  107  10:55  Marine x3  
  112  10:59  Marine  
  112  11:01  Marine  
  114  11:07  Siege Tank  
  114  11:09  Marine x2  
  119  11:12  Marine  
  119  11:13  Marine x2  
  119  11:14  Supply Depot  
  119  11:16  Orbital Command  
  119  11:17  Marine  
  123  11:19  Marine  
  123  11:21  SCV x2  
  126  11:27  Marine x2  
  128  11:33  SCV x2  
  128  11:39  Liberator x2, Siege Tank  
  139  11:45  SCV x2  
  109  11:56  Command Center  
  109  11:57  SCV x2  
  111  12:04  Marine x4  
  115  12:09  SCV x2  
  115  12:11  Siege Tank  
  120  12:21  Marine x4  
  120  12:22  Liberator x2, Marine x3  
  133  12:38  Marine  
  133  12:39  Marine x4  
  133  12:40  Marine x2  
  140  12:56  Marine  
  140  12:57  Marine  
  142  13:08  Marine x3  
  142  13:11  Marine x2  
  147  13:14  Marine x2  
  149  13:30  Marine  
  149  13:31  Marine x4  
  149  13:32  Marine x2  
  115  13:48  Marine x2  
  115  13:49  Marine x3  
  115  13:50  Marine x2  
Show
View Real Time Build Order
Export as new Build Order

kitune Zerg - Winner!

Build Orders: Pool First 

Get SALT Encoding   

  12  0:01  Drone  
  13  0:13  Overlord  
  13  0:17  Drone  
  14  0:31  Drone  
  14  0:32  Drone  
  16  0:40  Spawning Pool  
  15  0:44  Drone  
  15  0:48  Drone  
  17  1:09  Hatchery  
  16  1:11  Drone  
  16  1:15  Extractor  
  16  1:29  Zergling x6  
  19  1:35  Queen  
  21  1:41  Drone  
  22  1:51  Overlord  
  22  2:11  Queen  
  24  2:17  Metabolic Boost, Drone x2  
  26  2:23  Drone  
  27  2:31  Drone  
  27  2:47  Queen  
  27  2:49  Drone  
  27  2:50  Drone x3  
  32  2:59  Drone x3  
  35  3:08  Lair  
  35  3:15  Overlord  
  35  3:17  Drone  
  36  3:26  Overlord  
  36  3:28  Extractor  
  36  3:30  Drone  
  36  3:39  Drone x3  
  39  3:48  Drone x5  
  45  3:55  Drone  
  45  4:11  Extractor  
  45  4:14  Drone x2  
  45  4:15  Drone x2  
  48  4:22  Drone  
  48  4:23  Drone x2  
  51  4:25  Overlord x2  
  51  4:29  Spire  
  50  4:37  Extractor  
  49  4:39  Drone  
  49  4:40  Drone  
  49  4:41  Drone  
  49  4:42  Overlord  
  49  4:45  Drone  
  53  4:46  Zergling x10  
  58  4:53  Baneling Nest  
  58  4:55  Zergling x2  
  58  4:56  Zergling x2  
  59  5:24  Zergling x16  
  67  5:42  Mutalisk x4  
  69  5:46  Overlord x2  
  69  5:47  Overlord  
  69  5:48  Overlord x2  
  69  5:49  Overlord, Hatchery  
  70  5:57  Mutalisk x2  
  74  6:08  Burrow  
  74  6:09  Mutalisk x3  
  79  6:24  Mutalisk x2  
  83  6:30  Baneling  
  83  6:31  Baneling x2  
  83  6:37  Hatchery  
  82  6:46  Centrifugal Hooks  
  82  6:55  Evolution Chamber  
  82  6:56  Evolution Chamber  
  80  7:09  Drone x12  
  84  7:26  Queen  
  86  7:32  Baneling x9  
  86  7:33  Baneling, Drone  
  86  7:34  Drone x8  
  95  7:42  Zerg Melee Weapons Level 1  
  95  7:44  Zerg Ground Armor Level 1  
  95  8:02  Extractor, Queen  
  95  8:03  Drone x2  
  95  8:04  Extractor, Drone x4  
  101  8:09  Drone x7  
  108  8:15  Zerg Flyer Weapons Level 1  
  108  8:21  Infestation Pit  
  107  8:29  Drone  
  107  8:30  Drone x9  
  117  8:42  Queen  
  117  8:46  Extractor  
  119  8:48  Zergling x2  
  119  8:49  Extractor, Zergling x26  
  131  9:11  Hatchery  
  130  9:18  Queen  
  130  9:19  Overseer  
  130  9:24  Spore Crawler  
  131  9:25  Spore Crawler  
  131  9:27  Spine Crawler  
  131  9:29  Spine Crawler, Drone x3  
  131  9:38  Zergling x2  
  132  9:39  Zergling x6  
  132  9:41  Overlord  
  132  9:42  Overlord x7  
  132  9:45  Overlord x3  
  135  9:48  Zerg Ground Armor Level 2, Zerg Melee Weapons Level 2  
  135  9:52  Hive  
  119  10:09  Zerg Flyer Armor Level 1  
  99  10:27  Zergling x32  
  99  10:28  Zergling x4  
  109  10:40  Queen  
  111  10:44  Spore Crawler  
  111  10:46  Spine Crawler  
  111  10:47  Spine Crawler  
  107  10:58  Zergling x22  
  107  10:59  Zergling x6, Hatchery  
  107  11:03  Baneling x11  
  107  11:04  Baneling x5, Hatchery  
  120  11:05  Baneling x5  
  120  11:06  Baneling x2  
  119  11:13  Drone  
  119  11:14  Drone x5  
  119  11:15  Queen, Drone x2  
  129  11:27  Ultralisk Cavern  
  129  11:31  Corruptor  
  129  11:32  Corruptor x6  
  138  11:54  Zergling x22  
  117  11:55  Zergling x10  
  117  12:00  Overseer  
  131  12:03  Zerg Flyer Weapons Level 2  
  131  12:05  Queen  
  133  12:12  Drone  
  133  12:13  Drone  
  135  12:40  Baneling  
  135  12:41  Baneling x16  
  128  12:47  Zergling x18  
  128  12:50  Ultralisk x6  
  178  12:51  Ultralisk  
  178  12:56  Hatchery  
  177  13:12  Chitinous Plating  
  177  13:30  Ultralisk x2  
  177  13:31  Ultralisk  
  160  13:54  Zergling x26  
  160  13:55  Zergling x36  
  182  14:13  Zergling x16  
Tags
 
League
Diamond
Matchup
TvZ
Opening
Pool First
Spawn Locations
Cross Positions
Add a new tag
Caveats
  • Supply blocks, unpowered buildings, or Contaminate may cause inaccurate times.
  • Supply counts are checked every 10 seconds.